 Dungeon Crawl Stone Soup version 0.26-a0-690-gcb57259078 (webtiles) character file.

Game seed: 11147297799153581414

77 ringo67 the Poker (level 4, -4/34 HPs)
             Began as a Merfolk Gladiator on Oct 23, 2020.
             Slain by Pikel
             ... wielding a +2 whip of freezing
              (5 damage)
             ... on level 4 of the Dungeon.
             The game lasted 00:03:22 (2476 turns).

ringo67 the Poker (Merfolk Gladiator)               Turns: 2476, Time: 00:03:23

Health: -4/34      AC: 11    Str: 15    XL:     4   Next: 33%
Magic:  4/4        EV:  5    Int:  7    God:
Gold:   212        SH:  0    Dex: 15    Spells: 3/3 levels left

rFire    . . .     SeeInvis +   a - +0 trident
rCold    . . .     Faith    .   (no shield)
rNeg     . . .     Spirit   .   h - +0 plate armour
rPois    .         Reflect  .   c - +0 helmet
rElec    .         Harm     .   (no cloak)
rCorr    .         Rampage  .   (no gloves)
MR       .....                  (no boots)
Stlth    ..........             (no amulet)
HPRegen  0.11/turn              e - ring of see invisible
MPRegen  0.09/turn              (no ring)

@: no status effects
A: change form in water, swift swim, stealthy swim
a: no special abilities


You were on level 4 of the Dungeon.
You visited 1 branch of the dungeon, and saw 4 of its levels.

You collected 212 gold pieces.

Inventory:

Hand Weapons
 a - a +0 trident (weapon)
Missiles
 d - 4 throwing nets
 f - 19 poisoned darts (quivered)
Armour
 b - a +0 leather armour
 c - a +0 helmet (worn)
 h - a +0 plate armour (worn)
Jewellery
 e - a ring of see invisible (left hand)
Scrolls
 k - a scroll of remove curse
 m - 5 scrolls of identify {unknown}
Potions
 i - a potion of stabbing {unknown}
 j - a potion of cancellation {unknown}
 l - a potion of curing {unknown}
 o - a potion of haste {unknown}


   Skills:
 + Level 2.9 Fighting
 * Level 5.8 Polearms
 - Level 2.0 Throwing
 + Level 1.0 Armour
 + Level 4.6 Dodging


You had 3 spell levels left.
You didn't know any spells.
Your spell library was empty.

Dungeon Overview and Level Annotations

Branches:
Dungeon (3/15)

Altars:

Annotations:
D:4 Pikel


Message History

You feel sick.
You are no longer poisoned.
The howler monkey hoots and howls with incredible vigour!
You hear a shout! x2
The howler monkey hoots and howls with incredible vigour!
You hear a howl!
Pikel shouts!
A lemure comes into view.
Pikel hits you but does no damage.
You completely miss the howler monkey.
Pikel hits you with a +2 whip of freezing!
* * * LOW HITPOINT WARNING * * *
Pikel freezes you.
* * * LOW HITPOINT WARNING * * *
The howler monkey hoots and howls with incredible vigour!
The lemure closely misses you.
You hit the howler monkey.
The howler monkey is lightly wounded.
Pikel hits you with a +2 whip of freezing.
You die...

##.# ##S## ##.[.####
##...## #.#.....#
##..Ko.## #.#.#..#
##.......##
#.#...####.......?S###
#.......†.........'..
##..o####.......5.###
##K5# ##.......## ##@#
##....O## #######h#
##...## #.5.5.5.# ##+##
#.####..# #.#
#.#.....#### #.#
#.#.##.#...## ##.##
#5#.##......###...##
#.#.##.......#.....#####
#.............h.......h.


You could see Pikel, 2 lemures, a howler monkey and an orc.

Vanquished Creatures
  2 adders
  An ooze (D:1)
  A worm (D:2)
  A dart slug (D:1)
  2 leopard geckos
  2 orcs (D:3)
  A giant cockroach (D:1)
  6 hobgoblins
  5 jackals
  6 bats
  9 frilled lizards
  A goblin (D:2)
  6 kobolds
  6 rats
49 creatures vanquished.

Notes
Turn   | Place    | Note
-------+----------+-------------------------------------------
     0 | D:1      | ringo67 the Merfolk Gladiator began the quest for the Orb.
     0 | D:1      | Reached XP level 1. HP: 16/16 MP: 1/1
   467 | D:1      | Reached XP level 2. HP: 23/23 MP: 2/2
   685 | D:1      | Reached skill level 5 in Polearms
  1225 | D:1      | Reached XP level 3. HP: 28/28 MP: 3/3
  2185 | D:3      | Reached XP level 4. HP: 34/34 MP: 4/4
  2386 | D:3      | You fall into a shaft and drop 1 floor!
  2391 | D:4      | Noticed Pikel
  2391 | D:4      | Noticed a lemure
  2391 | D:4      | Noticed an ogre
  2391 | D:4      | Noticed a lemure
  2460 | D:4      | Reached skill level 1 in Armour
  2472 | D:4      | Noticed a lemure
  2475 | D:4      | HP: 1/34 [Pikel/+2 whip of freezing (4)]
  2476 | D:4      | Slain by Pikel

Illustrated notes

Levels and vault maps discovered:
D:1:      onia_arrival_pyramid, layout_loops_ring
D:2:      layout_loops_ring
D:3:      layout_basic, nicolae_overflow_crystal_walls,
          kennysheep_generic_room_11
D:4:      layout_loops_corners, uniq_pikel, uniq_robin

Skill      XL: |  1  2  3  4 |
---------------+-------------+-----
Polearms       | 5 |  5.8
Armour         | 1 |  1.0
Fighting       | |  2.9
Throwing       | |  2.0
Dodging        | |  4.6

Action                   |  1- 3 |  4- 6 || total
-------------------------+-------+-------++-------
Melee: Trident           |   136 |    34 ||   170
  Use: Scroll            |       |     3 ||     3
Armor: Leather armour    |    15 |       ||    15
       Plate armour      |    47 |    30 ||    77
Dodge: Dodged            |    50 |    12 ||    62

Table legend: (Time is in decaauts)
 A = Elapsed time spent in this place.
 B = Non-inter-level travel time spent in this place.
 C = Inter-level travel time spent in this place.
 D = Time resting spent in this place.
 E = Time spent auto-exploring this place.
 F = Levels seen in this place.
 G = Mean time per level.
                   A        B        C        D        E       F      G
               +--------+--------+--------+--------+--------+-----+--------+
         Total |   2482 |   2340 |    142 |    204 |   1758 |   4 |  620.5 |
       Dungeon |   2482 |   2340 |    142 |    204 |   1758 |   4 |  620.5 |
               +--------+--------+--------+--------+--------+-----+--------+

Top non-repeatable levels by time:
     D:1: 1352 daAuts
     D:2: 734 daAuts
     D:3: 305 daAuts
     D:4: 90 daAuts
